 Dungeon Crawl Stone Soup version 0.18.1-48-g4cf74bf (webtiles) character file.

74 boogeech the Slasher (level 4, 0/34 HPs)
             Began as a Demonspawn Gladiator on June 27, 2016.
             Slain by an adder (2 damage)
             ... on level 2 of the Dungeon.
             The game lasted 00:08:07 (3498 turns).

boogeech the Slasher (Demonspawn Gladiator)         Turns: 3498, Time: 00:08:08

Health: 0/34       AC:  4    Str: 15    XL:     4   Next: 9%
Magic:  5/5        EV: 12    Int: 11    God:
Gold:   66         SH:  0    Dex: 13    Spells: 0 memorised, 5 levels left

rFire  . . .     SeeInvis .     a - +0 long sword
rCold  . . .     Gourm    .     b - +0 leather armour
rNeg   . . .     Faith    .     (no shield)
rPois  .         Spirit   .     c - +0 helmet
rElec  .         Dismiss  .     (no cloak)
rCorr  .         Reflect  .     (no gloves)
SustAt .         Harm     .     (no boots)
MR     .....                    (no amulet)
Stlth  +.........               (no ring)
                                (no ring)

@: lethally poisoned (0 -> -7), not resistant to hostile enchantments, very
unstealthy
A: talons 1, powered by pain 1, rot immunity
a: no special abilities


You were on level 2 of the Dungeon.
You were not hungry.

You visited 1 branch of the dungeon, and saw 3 of its levels.

You collected 66 gold pieces.

Inventory:

Hand Weapons
 a - a +0 long sword (weapon)
 q - a +0 hunting sling
Missiles
 d - a throwing net (quivered)
 r - 12 stones
Armour
 b - a +0 leather armour (worn)
 c - a +0 helmet (worn)
Jewellery
 m - a +3 ring of intelligence {unknown}
 o - an uncursed amulet of guardian spirit {unknown}
Scrolls
 e - a scroll of enchant armour {unknown}
 i - a scroll of immolation {unknown}
 j - 2 scrolls of random uselessness {unknown}
 l - a scroll of magic mapping {unknown}
 n - a scroll of teleportation {unknown}
Potions
 h - a potion of curing {unknown}
 p - 2 potions of flight {unknown}
Comestibles
 f - 3 bread rations
 g - 2 meat rations


   Skills:
 * Level 2.7 Fighting
 * Level 3.2 Long Blades
 - Level 1.7 Throwing
 + Level 1.0 Armour
 * Level 3.0 Dodging
 + Level 0.8 Stealth
 * Level 1.0 Spellcasting


You had 5 spell levels left.
You didn't know any spells.

Dungeon Overview and Level Annotations

Branches:
Dungeon (3/15)

Altars:

Annotations:
D:3 Aquadorian's ghost, amateur MiFi


Innate Abilities, Weirdness & Mutations

You have sharp toenails.
You sometimes gain a little power by taking damage.
You are immune to rotting.


Message History

You feel sick. The adder bites you. The adder closely misses you.
You feel sick. The adder bites you.
You are lethally poisoned!
The adder poisons you!
* * * LOW HITPOINT WARNING * * *
You feel sick. The adder bites you.
* * * LOW HITPOINT WARNING * * *
* * * LOW HITPOINT WARNING * * *
You feel sick.
The adder bites you but does no damage. x2
* * * LOW HITPOINT WARNING * * *
You feel sick. The adder bites you.
* * * LOW HITPOINT WARNING * * *
* * * LOW HITPOINT WARNING * * *
You feel sick. The adder barely misses you.
* * * LOW HITPOINT WARNING * * *
You feel sick. The adder bites you but does no damage.
* * * LOW HITPOINT WARNING * * *
You feel sick. The adder misses you. The adder barely misses you.
The adder bites you.
You die...

###....# ##............##....
#....############.)......##....
###.#...................###....
#.#.####......###..##..##....
####.#.# #......# #..###....###
##......# #......# #..# ####..#
....##### #>)....###.## #...#
.##.# #......##..# #.#.# .#..#
#...S@..#..# #.#.# ....##
###.........## #.#.##
..#..#####...#####...# ##.#..#
#..#.......### #...# ##..##.#
........#### #...# #..###.#
##.###..#### #..######.###..#
#..#
#....(#######.............##
..##
#.###....##....#####.###### .##
#........).....# #.#


You could see an adder.

Vanquished Creatures
  2 worms (D:2)
  A dart slug (D:1)
  3 giant cockroaches (D:1)
  7 hobgoblins
  14 jackals
  4 bats
  5 giant newts
  11 goblins
  4 kobolds
  8 rats
59 creatures vanquished.

Notes
Turn   | Place    | Note
--------------------------------------------------------------
     0 | D:1      | boogeech the Demonspawn Gladiator began the quest for the Orb.
     0 | D:1      | Reached XP level 1. HP: 16/16 MP: 1/1
   488 | D:1      | Gained mutation: You are immune to rotting. [demonic ancestry]
   488 | D:1      | Reached XP level 2. HP: 22/22 MP: 2/2
   848 | D:1      | Gained mutation: You sometimes gain a little power by taking damage. [demonic ancestry]
   848 | D:1      | Reached XP level 3. HP: 20/28 MP: 3/3
  1048 | D:1      | Reached skill level 1 in Armour
  1750 | D:2      | Reached skill level 1 in Spellcasting
  2223 | D:2      | Gained mutation: You have sharp toenails. [demonic ancestry]
  2223 | D:2      | Reached XP level 4. HP: 22/34 MP: 5/5
  2345 | D:3      | Noticed Aquadorian's ghost (amateur MiFi)
  3498 | D:2      | Slain by an adder

Skill      XL: |  1  2  3 |
---------------+----------+-----
Long Blades    | 3 |  3.2
Armour         | 1 |  1.0
Dodging        | 3 |  3.0
Spellcasting   | 1 |  1.0
Fighting       | |  2.7
Throwing       | |  1.7
Stealth        | |  0.8

Action                   |  1- 3 |  4- 6 || total
-------------------------+-------+-------++-------
Melee: Long sword        |   176 |     8 ||   184
       Kick              |       |     1 ||     1
 Fire: Hunting sling     |       |     8 ||     8
Throw: Throwing net      |       |     2 ||     2
 Stab: Sleeping          |     1 |       ||     1
  Eat: Chunk             |     4 |       ||     4
       Fruit             |       |     2 ||     2
       Bread ration      |       |     1 ||     1
Armor: Leather armour    |    66 |     7 ||    73
Dodge: Dodged            |   152 |    28 ||   180
